 Dungeon Crawl Stone Soup version 0.30.0-5-g1a98f26d00 (webtiles) character file.

Game seed: 10435733011990891613

725 Jarnaxa the Magician (level 7, -7/37 HPs)
             Began as a Deep Elf Ice Elementalist on May 8, 2023.
             Mangled by Menkaure (16 damage)
             ... on level 5 of the Dungeon.
             The game lasted 00:10:43 (4509 turns).

Jarnaxa the Magician (Deep Elf Ice Elementalist)    Turns: 4509, Time: 00:10:44

Health: -7/37      AC:  3    Str:  9    XL:     7   Next: 43%
Magic:  9/20       EV: 18    Int: 22    God:
Gold:   180        SH:  0    Dex: 15    Spells: 14/21 levels left

rFire   . . .        r - +2 quarterstaff (chaos)
rCold   + + .        (shield currently unavailable)
rNeg    . . .        a - +0 robe
rPois   .            (no helmet)
rElec   .            s - +0 cloak
rCorr   .            (no gloves)
SInv    .            (no boots)
Will    +....        (no amulet)
Stlth   ++           i - ring of the Coward {rC++ Will+ EV+5 Str+4}
HPRegen 0.26/turn    (no ring)
MPRegen 0.17/turn

%: no passive effects
@: no status effects
A: no striking features
a: no special abilities


You were on level 5 of the Dungeon.
You visited 1 branch of the dungeon, and saw 5 of its levels.

You collected 180 gold pieces.

Inventory:

Hand Weapons
 r - a +2 quarterstaff of chaos (weapon)
Armour
 a - a +0 robe (worn)
 s - a +0 cloak (worn)
Jewellery
 g - a ring of resist corrosion
 i - the ring of the Coward (left hand) {rC++ Will+ EV+5 Str+4}
   (You found it on level 2 of the Dungeon)

   [ring of evasion]

   EV:        It affects your evasion (+5).
   Str:       It affects your strength (+4).
   rC:        It greatly protects you from cold.
   Will:      It increases your willpower.
Wands
 q - a wand of quicksilver (5)
Scrolls
 d - a scroll of teleportation
 k - a scroll of blinking
 l - 2 scrolls of immolation
Potions
 c - a potion of invisibility {unknown}
 e - a potion of heal wounds
 f - 2 potions of resistance {unknown}
 m - 2 potions of berserk rage {unknown}
 n - a potion of mutation {unknown}
 o - a potion of flight {unknown}
 p - a potion of attraction {unknown}


   Skills:
 + Level 0.3 Fighting
 + Level 3.2 Dodging
 + Level 3.7 Stealth
 + Level 7.6 Spellcasting
 + Level 7.5 Ice Magic


You had 14 spell levels left.
You knew the following spells:

 Your Spells              Type           Power      Damage    Failure   Level
a - Freeze                Ice            100%       1d10      1%          1
b - Frozen Ramparts       Ice            82%        1d13      1%          3
c - Ozocubu's Armour      Ice            41%        N/A       1%          3

Your spell library contained the following spells:

 Spells                   Type           Power      Damage    Failure   Level
 Sandblast                Erth           16%        2d6       8%          1
 Blink                    Tloc           16%        N/A       12%         2
 Cigotuvi's Dreadful Rot  Necr/Pois/Air  16%        N/A       12%         2
 Passwall                 Tmut/Erth      6%         N/A       12%         2
 Summon Ice Beast         Ice/Summ       24%        N/A       17%         4
 Ignite Poison            Fire/Tmut/Pois 8%         N/A       24%         3
 Stone Arrow              Conj/Erth      16%        3d8       24%         3
 Manifold Assault         Tloc           8%         N/A       61%         4
 Freezing Cloud           Conj/Ice/Air   9%         6-21      61%         5
 Fireball                 Conj/Fire      4%         3d4       91%         5
 Iskenderun's Battlesphe  Conj           8%         2d6       91%         5
 Conjure Ball Lightning   Conj/Air       4%         3x3d6     100%        6
 Orb of Destruction       Conj           4%         9d5       100%        7
 Storm Form               Tmut/Air       4%         N/A       100%        7


Dungeon Overview and Level Annotations

Branches:
Dungeon (5/15)
 Temple: D:4-7

Altars:
Elyvilon
Uskayaw
Zin

Annotations:
D:5 Menkaure


Message History

Confirm with . or Enter, or press ? or * to list all spells.
Aiming: Freeze (safe; 1% risk of failure)
Press: ? - help, Shift-Dir - straight line, f/p - sleepcap
Aim: a sleepcap (severely damaged)
You freeze the sleepcap.
The sleepcap is almost destroyed.
The wall freezes the sleepcap but does no damage.
The sleepcap barely misses you.
The wall freezes the sleepcap.
The sleepcap barely misses you.
Casting: Freeze (safe; 1% risk of failure)
Confirm with . or Enter, or press ? or * to list all spells.
Aiming: Freeze (safe; 1% risk of failure)
Press: ? - help, Shift-Dir - straight line, f/p - sleepcap
Aim: a sleepcap (almost destroyed)
You freeze the sleepcap!
You destroy the sleepcap!
The frozen ramparts melt away.
Menkaure calls on the powers of darkness!
Your body is wracked with pain!
Your icy armour will break if you move.
Continue?
Your icy armour cracks and falls away as you move.
Menkaure hits you!
* * * LOW HITPOINT WARNING * * *
You see here a sky beast corpse.
Casting: Freeze (safe; 1% risk of failure)
Confirm with . or Enter, or press ? or * to list all spells.
Aiming: Freeze (safe; 1% risk of failure)
Press: ? - help, Shift-Dir - straight line, f - Menkaure
Aim: Menkaure You freeze Menkaure.
Menkaure resists.
Menkaure is lightly damaged.
Casting: Freeze (safe; 1% risk of failure)
Confirm with . or Enter, or press ? or * to list all spells.
Aiming: Freeze (safe; 1% risk of failure)
Press: ? - help, Shift-Dir - straight line, f/p - Menkaure
Aim: Menkaure (lightly damaged)
You freeze Menkaure.
Menkaure resists.
Menkaure is lightly damaged.
Menkaure hits you!
You die...

..........# ...
..........##...
...............
...........oo..
............f
.......)).# #o#
#######M#######
#.....@)#######
#.......#......
#.....).#.#._.#
#.......#.# ..#
#.......#.# ##
#.......#....
#.####.####++
#.# #.......
#.# ########


You could see Menkaure and an orc priest.

Vanquished Creatures
  Sigmund (D:3)
  A black bear (D:4)
  A sky beast (D:5)
  A scorpion (D:4)
  A hound (D:4)
  A sleepcap (D:5)
  An orc priest (D:3)
  Crazy Yiuf (D:4)
  An iguana (D:4)
  An orc wizard (D:3)
  5 adders
  An ufetubus (D:5)
  3 dart slugs
  18 orcs
  3 endoplasms
  2 giant cockroaches (D:1)
  7 hobgoblins
  6 jackals
  5 quokkas
  5 ball pythons
  5 bats
  4 goblins
  7 kobolds
  6 rats
87 creatures vanquished.

Notes
Turn   | Place    | Note
-------+----------+-------------------------------------------
     0 | D:1      | Jarnaxa the Deep Elf Ice Elementalist began the quest for
                  | the Orb.
     0 | D:1      | Reached XP level 1. HP: 10/10 MP: 6/6
   401 | D:1      | Reached XP level 2. HP: 12/15 MP: 2/8
  1065 | D:2      | Identified the +7 sling of Symmetry {drain, rPois rF+
                  | rCorr}
  1297 | D:2      | Reached XP level 3. HP: 19/19 MP: 7/10
  1302 | D:2      | Learned a level 3 spell: Frozen Ramparts
  1306 | D:2      | Learned a level 3 spell: Ozocubu's Armour
  1308 | D:2      | Reached skill level 5 in Ice Magic
  1428 | D:2      | Identified the ring of the Coward {rC++ Will+ EV+5 Str+4}
  2078 | D:3      | Reached XP level 4. HP: 24/24 MP: 9/12
  2221 | D:3      | Reached skill level 5 in Spellcasting
  2221 | D:3      | HP: 1/24 [orc/+0 dagger (1)]
  2371 | D:3      | Found a hide-covered altar of Uskayaw.
  2430 | D:3      | Reached XP level 5. HP: 22/28 MP: 10/14
  2557 | D:3      | Noticed Sigmund
  2566 | D:3      | Killed Sigmund
  2567 | D:3      | Reached XP level 6. HP: 22/32 MP: 10/17
  3158 | D:4      | Reached XP level 7. HP: 23/36 MP: 5/19
  3583 | D:4      | Found a runed translucent door.
  3584 | D:4      | Noticed Crazy Yiuf
  3590 | D:4      | Killed Crazy Yiuf
  4272 | D:5      | Entered Level 5 of the Dungeon
  4319 | D:5      | Found a glowing silver altar of Zin.
  4355 | D:5      | Found a white marble altar of Elyvilon.
  4497 | D:5      | Noticed Menkaure
  4509 | D:5      | Mangled by Menkaure

Illustrated notes

Levels and vault maps discovered:
D:1:      dpeg_arrival_chambers_temple_mockup, layout_basic
D:2:      layout_basic, corexii_hall_statues_s
D:3:      layout_loops_cross, mainiacjoe_overflow_24_doors, uniq_sigmund
D:4:      layout_basic, uniq_crazy_yiuf_cottage
D:5:      layout_basic, mainiacjoe_overflow_alcove_4,
          mainiacjoe_overflow_alcove_1, grunt_temple_overflow_open,
          uniq_menkaure, uniq_grinder, uniq_edmund, uniq_duvessa

Skill      XL: |  1  2  3  4  5  6  7 |
---------------+----------------------+-----
Ice Magic      | 5 6 7 |  7.5
Spellcasting   | 4 5 6 7 |  7.6
Dodging        | 3 |  3.2
Stealth        | 3 |  3.7
Fighting       | |  0.3

Action                     |  1- 3 |  4- 6 |  7- 9 || total
---------------------------+-------+-------+-------++-------
  Melee: Unarmed           |     8 |     2 |       ||    10
         Quarterstaff      |       |       |     2 ||     2
   Cast: Freeze            |    65 |    48 |    29 ||   142
         Frozen Ramparts   |     1 |       |     3 ||     4
         Ozocubu's Armour  |     1 |       |     1 ||     2
    Use: Scroll            |     1 |       |     5 ||     6
         Potion            |     1 |     1 |       ||     2
 Armour: Robe              |    15 |     3 |     5 ||    23
  Dodge: Dodged            |    37 |    49 |    17 ||   103
